Map: Coda LE (Void)

Players

Bop - Winner!

  • Race: Terran Terran

LarryLove

  • Race: Protoss Protoss

VOD

Have the link to the VOD?

Description

Time

  • Played on: May 6, 2015, 6:57 a.m.
  • Length: 14:43
Show
View Real Time Build Order
Export as new Build Order

Bop Terran - Winner!

Build Orders: Reaper Expand, MMM Bio 

Get SALT Encoding   

  12  0:00  SCV  
  13  0:13  SCV  
  14  0:18  Supply Depot  
  14  0:25  SCV  
  15  0:40  SCV  
  15  0:41  Barracks  
  16  0:49  Refinery  
  16  0:52  SCV  
  17  1:04  SCV  
  18  1:16  SCV  
  19  1:28  Orbital Command  
  19  1:33  Reaper  
  20  1:41  Command Center  
  20  1:51  Supply Depot  
  20  1:54  SCV  
  21  2:06  Barracks Reactor  
  21  2:12  SCV  
  22  2:18  Barracks x2  
  22  2:24  SCV  
  23  2:38  SCV  
  23  2:42  Marine x2  
  26  2:50  SCV  
  27  2:55  Bunker  
  25  3:00  Marine x2  
  25  3:04  SCV  
  27  3:05  Marine  
  27  3:06  Marine  
  27  3:16  SCV  
  27  3:18  Marine x2  
  30  3:28  SCV  
  31  3:38  Orbital Command  
  31  3:41  SCV, Marine x2  
  32  3:43  Barracks Tech Lab x2  
  34  3:50  Command Center  
  34  3:53  SCV  
  35  4:00  Marine  
  35  4:01  Marine  
  35  4:02  Stimpack, Marine x2  
  38  4:05  SCV  
  40  4:11  SCV  
  41  4:17  SCV  
  41  4:18  Marine x2  
  41  4:22  Marine x2  
  46  4:29  Missile Turret  
  46  4:31  Missile Turret  
  46  4:32  Supply Depot  
  46  4:38  Factory  
  46  4:50  SCV  
  46  4:51  Marine  
  46  4:53  SCV  
  46  4:54  Marine x3  
  47  5:02  SCV  
  47  5:03  Orbital Command  
  47  5:05  SCV  
  47  5:09  Marine  
  47  5:11  Marine  
  47  5:12  Marine  
  47  5:13  Marine  
  51  5:14  SCV  
  51  5:17  SCV  
  51  5:18  Refinery  
  52  5:26  SCV  
  52  5:27  Supply Depot, Marine  
  54  5:29  SCV, Marine  
  51  5:38  SCV, Marine x2  
  51  5:41  Factory Reactor  
  53  5:43  SCV x2  
  53  5:44  Starport  
  53  5:45  Marine  
  53  5:47  Refinery  
  55  5:50  Supply Depot, SCV  
  55  5:51  Marine  
  55  5:56  Marine x2  
  59  6:00  Orbital Command  
  59  6:03  Marine  
  60  6:08  Marine  
  60  6:09  SCV x2  
  63  6:14  Marine x2  
  63  6:15  Combat Shields  
  65  6:20  Marine  
  65  6:23  SCV  
  67  6:26  Marine  
  67  6:29  Widow Mine  
  67  6:30  Medivac  
  67  6:32  Marine x2  
  70  6:34  SCV x2  
  70  6:35  SCV  
  70  6:38  Marine  
  71  6:44  Marine  
  71  6:46  SCV  
  71  6:50  Marine  
  71  6:51  Marine  
  71  6:52  Medivac  
  70  6:54  SCV x2  
  70  6:56  Marine  
  70  6:58  SCV, Widow Mine  
  73  7:02  Marine  
  73  7:06  SCV  
  73  7:07  SCV, Medivac  
  73  7:08  Marine x2  
  73  7:10  SCV  
  73  7:11  Supply Depot  
  73  7:14  Supply Depot  
  75  7:19  SCV  
  75  7:23  Marine x2  
  75  7:26  Widow Mine, Marine x2  
  80  7:30  Barracks x2  
  80  7:31  SCV  
  81  7:41  Marine x2  
  81  7:42  Medivac  
  81  7:44  Marine x2  
  86  7:52  Medivac  
  86  7:55  Widow Mine  
  90  7:59  Marine x2  
  90  8:02  Marine x2  
  90  8:03  SCV x3  
  90  8:04  Supply Depot  
  97  8:08  Engineering Bay  
  97  8:09  Refinery, Engineering Bay  
  97  8:12  Medivac  
  99  8:15  SCV  
  99  8:16  Marine  
  99  8:19  Marine x2  
  100  8:20  Marine  
  100  8:23  Barracks Reactor  
  100  8:25  Barracks Reactor, Widow Mine  
  96  8:34  Marine  
  96  8:36  Marine  
  96  8:37  Marine  
  96  8:38  Marine  
  94  8:50  SCV x3  
  94  8:52  Marine  
  94  8:54  Supply Depot, Widow Mine  
  94  8:55  Marine, Marauder  
  99  8:56  Marauder  
  95  9:10  Marine  
  95  9:11  Marine  
  95  9:12  Supply Depot, Marine x3  
  95  9:13  Marine, Medivac x2  
  95  9:16  Marine  
  101  9:17  Marine  
  100  9:26  Factory Reactor  
  100  9:28  Marine  
  100  9:29  Marine  
  100  9:30  Terran Infantry Weapons Level 1, Terran Infantry Armor Level 1, Barracks x2, SCV  
  100  9:31  SCV x2  
  103  9:33  Refinery  
  103  9:34  Refinery  
  103  9:35  Marine x6  
  109  9:43  SCV x2  
  111  9:46  Marine  
  111  9:47  Marine  
  111  9:50  Barracks  
  111  9:51  Barracks  
  113  9:53  Marine x6  
  113  9:55  Command Center  
  113  9:56  Medivac x2  
  123  10:00  Supply Depot  
  123  10:02  Supply Depot  
  123  10:03  Marine  
  123  10:05  Marine  
  123  10:07  Armory  
  125  10:14  Marine  
  116  10:22  Marine  
  116  10:23  Marine x6  
  116  10:25  Barracks Reactor  
  110  10:32  Marine  
  102  10:40  Barracks Reactor, Marine  
  102  10:41  Barracks Reactor, Marine x2  
  99  10:45  Marine  
  99  10:46  Marine x3  
  99  10:49  Marine  
  90  10:52  Widow Mine x2  
  90  10:53  Medivac x2  
  95  10:58  Missile Turret, Marine x3  
  95  10:59  Missile Turret x3  
  95  11:03  Marine  
  95  11:04  Marine x3  
  102  11:07  Marine  
  102  11:11  Marine x2  
  99  11:16  Marine x3  
  99  11:20  Missile Turret, Widow Mine  
  99  11:21  Missile Turret, Widow Mine  
  99  11:26  Marine  
  99  11:27  Orbital Command, Marine x4  
  99  11:31  Marine x4  
  99  11:32  Medivac  
  105  11:37  Marine  
  105  11:38  Marine x2  
  106  11:44  Marine x2  
  106  11:45  Marine  
  101  11:48  Marine  
  101  11:49  Widow Mine, Marine x3  
  101  11:50  Widow Mine  
  96  11:55  Marine x2  
  96  11:56  Marine  
  94  12:05  Orbital Command  
  94  12:10  Barracks  
  94  12:11  Barracks  
  94  12:16  Marine x7  
  101  12:28  Marine x3  
  100  12:34  Marine x2  
  100  12:35  Marine  
  100  12:36  Marine x4  
  107  12:46  Medivac x2, Marine  
  110  12:57  Marine x3  
  110  12:58  Widow Mine x2, Marine x4  
  106  13:04  Marine x2  
  105  13:09  Marine  
  100  13:13  Barracks Reactor  
  100  13:14  Barracks Reactor  
  100  13:15  Marine x4  
  100  13:16  Medivac x2  
  100  13:17  Marine x3  
  111  13:22  Marine x2  
  111  13:27  Marine, Widow Mine x2  
  113  13:33  Marine x4  
  122  13:38  Marine x3  
  122  13:39  Marine  
  119  13:42  Marine  
  119  13:44  Marine  
  119  13:46  Medivac x2  
  122  13:48  Marine  
  122  13:51  Marine  
  122  13:53  Marine x5  
  122  13:55  Widow Mine x2  
  122  13:58  SCV x3  
  122  14:00  Refinery  
  122  14:01  Refinery, Marine x4  
  122  14:02  Supply Depot, Marine x3  
  128  14:03  Supply Depot  
  128  14:06  Marine  
  128  14:08  Marine  
  126  14:11  Marine x5  
  135  14:19  Marine x6  
  135  14:20  Marine  
  142  14:24  Marine  
Show
View Real Time Build Order
Export as new Build Order

LarryLove Protoss 

Build Orders: Oracle Opening, Oracle Opening 

Get SALT Encoding   

  12  0:10  Pylon  
  12  0:14  Probe  
  13  0:26  Probe (Chrono Boost)  
  14  0:31  Gateway  
  14  0:38  Probe (Chrono Boost)  
  15  0:47  Probe (Chrono Boost), Assimilator  
  16  0:55  Probe  
  17  1:00  Pylon  
  17  1:07  Probe (Chrono Boost)  
  19  1:19  Probe (Chrono Boost)  
  19  1:20  Cybernetics Core  
  19  1:26  Probe (Chrono Boost)  
  20  1:48  Nexus  
  20  1:56  Adept (Chrono Boost)  
  22  2:02  Mothership Core (Chrono Boost)  
  22  2:07  Assimilator  
  24  2:22  Probe (Chrono Boost)  
  25  2:23  Pylon  
  25  2:28  Probe  
  25  2:40  Probe (Chrono Boost)  
  27  2:52  Probe (Chrono Boost)  
  27  2:53  Stargate  
  27  2:59  Probe (Chrono Boost)  
  27  3:04  Probe  
  29  3:09  Probe  
  29  3:12  Stalker  
  32  3:16  Probe  
  33  3:20  Pylon  
  33  3:22  Probe  
  34  3:28  Probe  
  34  3:34  Probe (Chrono Boost)  
  36  3:40  Probe (Chrono Boost)  
  37  3:45  Oracle  
  37  3:46  Probe (Chrono Boost), Warp Gate  
  41  3:50  Probe (Chrono Boost)  
  41  3:53  Probe (Chrono Boost)  
  41  3:54  Pylon  
  43  3:57  Sentry, Gateway  
  43  4:02  Gateway  
  45  4:05  Probe x2 (Chrono Boost)  
  47  4:15  Probe x2 (Chrono Boost), Assimilator  
  47  4:17  Assimilator  
  49  4:21  Probe  
  49  4:23  Probe (Chrono Boost)  
  51  4:35  Probe (Chrono Boost)  
  53  4:39  Probe (Chrono Boost)  
  53  4:41  Fleet Beacon  
  53  4:44  Probe (Chrono Boost)  
  54  4:47  Probe (Chrono Boost)  
  54  4:52  Probe  
  55  4:58  Probe  
  56  5:04  Probe  
  57  5:10  Probe  
  57  5:12  Pylon  
  56  5:16  Probe, Stargate  
  57  5:23  Pylon  
  57  5:25  Carrier (Chrono Boost)  
  63  5:49  Probe x2  
  65  5:52  Carrier (Chrono Boost)  
  65  5:55  Forge  
  65  6:01  Adept x3  
  71  6:07  Gateway x2  
  71  6:10  Gateway  
  77  6:12  Probe  
  77  6:13  Probe, Pylon  
  79  6:19  Carrier (Chrono Boost)  
  79  6:22  Adept x2  
  83  6:29  Adept  
  75  6:46  Adept x2  
  67  6:56  Adept  
  75  7:04  Pylon  
  75  7:07  Pylon  
  75  7:10  Pylon  
  75  7:12  Photon Cannon  
  75  7:13  Photon Cannon  
  75  7:23  Adept x3  
  75  7:25  Carrier (Chrono Boost)  
  75  7:28  Carrier (Chrono Boost)  
  81  7:33  Graviton Catapult (Chrono Boost)  
  81  7:35  Sentry  
  83  7:44  Adept  
  90  7:58  Adept  
  92  8:06  Pylon  
  92  8:07  Pylon  
  92  8:09  Pylon  
  92  8:11  Pylon  
  92  8:25  Adept x2  
  92  8:26  Adept x2  
  100  8:28  Protoss Shields Level 1  
  100  8:30  Carrier  
  90  8:42  Adept x2  
  100  9:00  Robotics Facility  
  98  9:28  Mothership Core  
  96  9:50  Nexus  
  96  9:51  Observer (Chrono Boost)  
  97  9:58  Photon Cannon  
  97  10:09  Pylon  
  97  10:23  Adept x4  
  97  10:25  Probe  
  97  10:26  Probe  
  101  10:40  Adept  
  103  11:07  Assimilator  
  103  11:10  Assimilator  
  103  11:17  Carrier (Chrono Boost)  
  92  11:37  Carrier (Chrono Boost)  
  98  11:42  Nexus  
  85  12:15  Twilight Council  
  85  12:19  Sentry x3  
  85  12:21  Carrier (Chrono Boost)  
  85  12:25  Pylon  
  85  12:31  Adept x2  
  85  12:32  Adept  
  97  12:50  Adept x3  
  88  13:05  Observer  
  75  13:14  Adept x3  
  75  13:19  Templar Archives  
  81  13:23  Sentry x2  
  85  13:33  Photon Cannon  
  84  13:39  Adept  
  74  13:48  Adept  
  66  13:55  Adept  
  64  14:10  High Templar x3  
  64  14:11  High Templar  
  64  14:13  Observer  
  68  14:40  Archon  
Tags
 
Add a new tag
Caveats
  • Supply blocks, unpowered buildings, or Contaminate may cause inaccurate times.
  • Supply counts are checked every 10 seconds.